 Dungeon Crawl Stone Soup version 0.21.1-1-g345015f (webtiles) character file.

18 inc the Scratcher (level 2, 0/14 HPs)
             Began as a Felid Chaos Knight on Feb 23, 2018.
             Slain by a leopard gecko (3 damage)
             ... on level 2 of the Dungeon.
             The game lasted 00:01:05 (638 turns).

inc the Scratcher (Felid Chaos Knight)               Turns: 638, Time: 00:01:06

Health: 0/14       AC:  1    Str:  8    XL:     2   Next: 48%
Magic:  3/3        EV: 18    Int: 13    God:    Xom [..*...]
Gold:   25         SH:  0    Dex: 15    Spells: 1/1 levels left
                                        Lives:  0   Deaths: 0

rFire    . . .     SeeInvis +     - Unarmed
rCold    . . .     Gourm    .   (shield unavailable)
rNeg     . . .     Faith    .   (armour unavailable)
rPois    .         Spirit   .   (helmet unavailable)
rElec    .         Reflect  .   (cloak unavailable)
rCorr    .         Harm     .   (gloves unavailable)
MR       .....                  (boots unavailable)
Stlth    ++........             (no amulet)
HPRegen  0.04/turn              (no ring)
MPRegen  0.08/turn              (no ring)

@: berserk cooldown, quick
A: very small, no armour, no weapons or thrown items, stealth, claws 1, fangs 3,
see invisible, carnivore, speed 1, shaggy fur 1, slow metabolism 1, sharp paws
a: Renounce Religion


You were on level 2 of the Dungeon.
You worshipped Xom.
You were a toy of Xom.
You were not hungry.

You visited 1 branch of the dungeon, and saw 2 of its levels.

You collected 25 gold pieces.

Inventory:

Jewellery
 d - an uncursed ring of ice {unknown}
Scrolls
 b - a scroll of identify {unknown}
 e - 2 scrolls of random uselessness {unknown}
Potions
 f - a potion of berserk rage
Comestibles
 a - 2 rations


   Skills:
 + Level 3.3 Fighting
 + Level 3.3 Dodging
 + Level 0.2 Stealth
 + Level 3.5 Unarmed Combat


You had one spell level left.
You didn't know any spells.

Dungeon Overview and Level Annotations

Branches:
Dungeon (2/15)

Altars:


Innate Abilities, Weirdness & Mutations

You cannot wear armour.
You are incapable of wielding weapons or throwing items.
Your paws allow you to move quietly. (Stealth)
You have sharp claws.
You have razor-sharp teeth.
You have supernaturally acute eyesight. (SInv)
You are carnivorous and can eat meat at any time.
You cover ground quickly.
You are covered in fur. (AC +1)
You have a slow metabolism.
Your sharp claws are effective at attacking unaware monsters.


Message History

You are too injured to fight recklessly!
You are too injured to fight recklessly!
You are too injured to fight recklessly!
You are too injured to fight recklessly!
You are too injured to fight recklessly!
You scratch the leopard gecko but do no damage.
The bat closely misses you. The leopard gecko barely misses you.
You scratch the leopard gecko but do no damage.
Your bite misses the leopard gecko. The bat barely misses you.
The leopard gecko barely misses you.
You scratch the leopard gecko.
The leopard gecko is moderately wounded.
The bat hits you. The leopard gecko bites you.
* * * LOW HITPOINT WARNING * * *
You emit a cloud of colourful smoke!
You barely miss the leopard gecko.
The leopard gecko is moderately wounded.
The bat closely misses you. The leopard gecko bites you.
You die... "I guess I need a new plaything now."

#.# ..
#.############.#
#..............
######.)......#####.
#...................
#...†.............#
#........###..§...#
########## #§b....#
#@§....# #§l....#
.......# ........#
.........#
..........#
...........#
.$.....###.##


You could see a leopard gecko and a bat.

Vanquished Creatures
  A worm (D:2)
  A giant cockroach (D:1)
  5 goblins
  A hobgoblin (D:1)
  2 kobolds
  A bat (D:1)
  A frilled lizard (D:1)
  A rat (D:1)
13 creatures vanquished.

Notes
Turn   | Place    | Note
-------+----------+-------------------------------------------
     0 | D:1      | inc the Felid Chaos Knight began the quest for the Orb.
     0 | D:1      | Reached XP level 1. HP: 10/10 MP: 2/2
   353 | D:1      | Reached XP level 2. HP: 14/14 MP: 3/3
   393 | D:1      | XOM: smoke on damage
   421 | D:1      | XOM: potion effect (curing)
   565 | D:2      | XOM: silly message
   637 | D:2      | XOM: smoke on damage
   638 | D:2      | Slain by a leopard gecko

Action                   || total
-------------------------++-------
Melee: Unarmed           ||    29
       Bite              ||     1
  Use: Potion            ||     2
 Stab: Sleeping          ||     3
Armor: Skin              ||     2
Dodge: Dodged            ||    34
